 Dungeon Sprint DCSS version 0.29.1-2-gbd0b4ee654 (webtiles) character file.

Game seed: 11683239525131403944

10800000 Zeld the Conqueror (level 27, -4/249 HPs)
             Began as a Demonspawn Monk on Oct 28, 2022.
             Was the Champion of Makhleb.
             Succumbed to a scourge's poison arrow
             ... in the Dungeon (Sprint VIII: "Arena of Blood").
             The game lasted 00:03:53 (108 turns).

Zeld the Conqueror (Demonspawn Monk)                 Turns: 108, Time: 00:03:53

Health: -4/249     AC:  8    Str: 22    XL:     27
Magic:  35/52      EV: 29    Int: 14    God:    Makhleb [******]
Gold:   0          SH:  0    Dex: 17    Spells: 77/77 levels left

rFire   . . .      SeeInvis .   i - +∞ Axe of Woe
rCold   + . .      Faith    .   (shield currently unavailable)
rNeg    . . .      Spirit   .   a - +0 robe
rPois   .          Reflect  .   (no helmet)
rElec   .          Harm     .   (no cloak)
rCorr   .          Rampage  .   (gloves unavailable)
Will    +++..      NoTele   +   (no boots)
Stlth   ++++++++++              (no amulet)
HPRegen 0.51/turn               j - +250 ring of slaying
MPRegen 0.33/turn               k - +250 ring of slaying

@: lethally poisoned (-4 -> -39)
A: icy blue scales 3, hurl damnation, icemail 2, spiny 3, torment resistance 1,
condensation shield, demonic willpower, demonic touch 3
a: Hurl Damnation, Renounce Religion, Minor Destruction, Lesser Servant of
Makhleb, Major Destruction, Greater Servant of Makhleb


You were in the Dungeon.
You worshipped Makhleb.
Makhleb was exalted by your worship.
You visited 1 branch

Inventory:

Hand Weapons
 i - the +∞ Axe of Woe (weapon)
   (You found it in the Dungeon)
Armour
 a - a +0 robe (worn)
Jewellery
 j - a +250 ring of slaying (left hand)
 k - a +250 ring of slaying (right hand)
Scrolls
 h - a scroll of blinking
Potions
 b - a potion of ambrosia
 c - a potion of curing
 d - a potion of heal wounds
 e - a potion of haste
 f - 2 potions of magic
 g - a potion of berserk rage


   Skills:
 O Level 27 Fighting
 + Level 26.3(27) Short Blades
 + Level 25.2(27) Long Blades
 O Level 27 Axes
 + Level 25.2(27) Maces & Flails
 + Level 25.2(27) Polearms
 + Level 25.2(27) Staves
 + Level 25.2 Ranged Weapons
 + Level 25.4 Throwing
 + Level 25.4 Armour
 O Level 27 Dodging
 O Level 27 Stealth
 + Level 25.4 Shields
 O Level 27 Unarmed Combat
 + Level 25.5 Spellcasting
 O Level 27 Conjurations
 O Level 27 Hexes
 O Level 27 Summonings
 O Level 27 Necromancy
 + Level 26.3 Translocations
 + Level 26.2 Transmutations
 O Level 27 Fire Magic
 O Level 27 Ice Magic
 O Level 27 Air Magic
 O Level 27 Earth Magic
 O Level 27 Poison Magic
 O Level 27 Invocations
 O Level 27 Evocations


You had 77 spell levels left.
You didn't know any spells.
Your spell library was empty.

Dungeon Overview and Level Annotations

Branches:
Dungeon (1/1)

Altars:
Makhleb


Innate Abilities, Weirdness & Mutations

You are completely covered in icy blue scales. (AC +4, rC+)
You can hurl damnation.
A meltable icy envelope protects you from harm. (AC +0)
You are completely covered in sharp spines.
You are resistant to unholy torment.
A meltable shield of frost defends you. (SH +0)
You punish those that try to bend your will. (Will+)
Your touch may irresistibly damage your foes and sap their willpower.


Message History

Your Shields skill increases to level 25!
Your Translocations skill increases to level 26!
Your Transmutations skill increases to level 26!
Unknown command.
Press < or > to pray at altars.
Press: ? - help, v - describe, . - travel, g - get item
Here: a scourge
Items here: )) == †.
The floor, spattered with blood. 2 bags of meat, 2 meat berserkers and a meat beast come into view.
The tyrant shouts!
You hear a shout!
The meat berserker rages.
You hear a shout! x4
The tyrant casts a spell.
The tyrant seems to speed up.
The accursed points at you and mumbles some strange words.
Something smites you!
* * * LOW HITPOINT WARNING * * *
The scourge throws poison sting at you. The poison arrow hits you!!!
You are poisoned.
* * * LOW HITPOINT WARNING * * *
The meat berserker moves out of view. x2
You hear a shout! x2
A bag of meat comes into view. It is wielding a +9 war axe.
Items here: )))))) ====== ††††††.
Unknown command.
You cut the scourge into ribbons!!!!!!
You hew the scourge savagely.
You kill the scourge!
Makhleb accepts your kill.
You feel better.
You dice the large bag of meat like an onion!!!!
Flame seeps out of the large bag of meat.
You cleave the large bag of meat in twain.
Makhleb accepts your kill.
The large bag of meat explodes!
The fiery explosion engulfs you!!
Your icy defenses dissipate!
* * * LOW HITPOINT WARNING * * *
You die...

...... ... .....
#.. ....# . #..
...# oo ..###..
...###..o
......###.V.M...o
......_..O..OOoO
#..)))# ...z .
#_)<@§# .....
....#.))§○#......
......)_§§†o.....
......###)...2O..
..###.. ...###oo.
. #.. ....# L.
#.......#
.........
...........


You could see an accursed, a meat beast (fast), a tyrant (fast), a destroyer, a
meat berserker (berserk) and 4 bags of meat.

Vanquished Creatures
  7 hell beasts (D)
  3 royal mummies (D)
  A wraith (D)
  7 vampire knights (D)
  31 ogres (D)
  6 two-headed ogres (D)
  4 liches (D)
  2 hydras (D)
  2 phantoms (D)
  34 orcs (D)
  5 skeletal warriors (D)
  A sea snake (D)
103 creatures vanquished.

Notes
Turn   | Place    | Note
-------+----------+-------------------------------------------
     0 | D        | Found the +∞ Axe of Woe
     0 | D        | Zeld the Demonspawn Monk began the quest for the Orb.
     0 | D        | Reached XP level 1. HP: 18/18 MP: 1/1
     2 | D        | Noticed a bag of meat
     2 | D        | Noticed a bag of meat
     3 | D        | Noticed a bag of meat
     3 | D        | Noticed a bag of meat
     4 | D        | Became a worshipper of Makhleb the Destroyer
     4 | D        | Reached * piety under Makhleb
     4 | D        | Reached ** piety under Makhleb
     4 | D        | Noticed a bag of meat
     5 | D        | Noticed a bag of meat
     6 | D        | Noticed a bag of meat
     6 | D        | Noticed a meat berserker
     6 | D        | Noticed a bag of meat
     8 | D        | Noticed a meat berserker
     9 | D        | Killed a bag of meat
     9 | D        | Killed a bag of meat
     9 | D        | Noticed a meat berserker
    10 | D        | Reached skill level 15 in Dodging
    10 | D        | Reached skill level 15 in Unarmed Combat
    10 | D        | Gained mutation: Your touch may inflict minor irresistible
                  | damage on your foes. [demonic ancestry]
    10 | D        | Reached XP level 2. HP: 47/47 MP: 2/2
    10 | D        | Gained mutation: A meltable shield of frost defends you.
                  | (SH +0) [demonic ancestry]
    10 | D        | Reached XP level 3. HP: 53/53 MP: 3/3
    10 | D        | Reached XP level 4. HP: 60/60 MP: 4/4
    10 | D        | Reached XP level 5. HP: 67/67 MP: 5/5
    10 | D        | Gained mutation: A meltable icy envelope protects you from
                  | harm. (AC +0) [demonic ancestry]
    10 | D        | Reached XP level 6. HP: 74/74 MP: 6/6
    10 | D        | Reached XP level 7. HP: 80/80 MP: 7/7
    10 | D        | Gained mutation: You are partially covered in icy blue
                  | scales. (AC +2) [demonic ancestry]
    10 | D        | Reached XP level 8. HP: 87/87 MP: 8/8
    10 | D        | Reached XP level 9. HP: 94/94 MP: 9/9
    10 | D        | Gained mutation: You are partially covered in sharp spines.
                  | [demonic ancestry]
    10 | D        | Reached XP level 10. HP: 101/101 MP: 10/10
    10 | D        | Reached XP level 11. HP: 107/107 MP: 11/11
    10 | D        | Killed a bag of meat
    10 | D        | Killed a meat berserker
    10 | D        | Reached *** piety under Makhleb
    10 | D        | Killed a bag of meat
    10 | D        | Noticed a bag of meat
    11 | D        | Reached skill level 10 in Axes
    11 | D        | Gained mutation: You are mostly covered in icy blue scales.
                  | (AC +3) [demonic ancestry]
    11 | D        | Reached XP level 12. HP: 54/124 MP: 12/12
    11 | D        | Gained mutation: You are mostly covered in sharp spines.
                  | [demonic ancestry]
    11 | D        | Reached XP level 13. HP: 57/130 MP: 13/13
    11 | D        | Killed a bag of meat
    11 | D        | Killed a bag of meat
    11 | D        | Reached **** piety under Makhleb
    11 | D        | Killed a meat berserker
    12 | D        | Reached XP level 14. HP: 145/145 MP: 14/14
    12 | D        | Killed a bag of meat
    12 | D        | Noticed a bag of meat
    12 | D        | Noticed a meat berserker
    13 | D        | Reached skill level 10 in Stealth
    13 | D        | Reached XP level 15. HP: 153/153 MP: 15/15
    13 | D        | Killed a meat berserker
    14 | D        | Reached skill level 15 in Axes
    15 | D        | Reached ***** piety under Makhleb
    15 | D        | Noticed a meat berserker
    16 | D        | Noticed a meat berserker
    17 | D        | Killed a meat berserker
    18 | D        | Reached skill level 27 in Fighting
    18 | D        | Reached XP level 16. HP: 116/167 MP: 16/16
    19 | D        | Noticed a meat berserker
    19 | D        | Noticed a meat berserker
    19 | D        | Noticed a large bag of meat
    20 | D        | Killed a meat berserker
    20 | D        | Noticed a meat berserker
    22 | D        | Noticed a large bag of meat
    23 | D        | Killed a meat berserker
    24 | D        | Gained mutation: Your touch may inflict irresistible damage
                  | on your foes. [demonic ancestry]
    24 | D        | Reached XP level 17. HP: 174/174 MP: 17/17
    24 | D        | Killed a meat berserker
    24 | D        | Reached ****** piety under Makhleb
    25 | D        | Reached skill level 27 in Dodging
    25 | D        | Reached skill level 27 in Unarmed Combat
    25 | D        | Killed a meat berserker
    26 | D        | Reached skill level 27 in Axes
    26 | D        | Reached XP level 18. HP: 182/182 MP: 18/18
    26 | D        | Killed a meat berserker
    26 | D        | Noticed a large bag of meat
    27 | D        | Noticed an eight-headed meat hydra
    27 | D        | Killed a large bag of meat
    28 | D        | Reached skill level 27 in Stealth
    28 | D        | Noticed a sculptor of flesh
    29 | D        | Noticed a large bag of meat
    30 | D        | Killed an eight-headed meat hydra
    31 | D        | Reached skill level 5 in Invocations
    31 | D        | Killed a large bag of meat
    32 | D        | Reached skill level 5 in Hexes
    32 | D        | Reached skill level 5 in Necromancy
    32 | D        | Reached skill level 5 in Poison Magic
    32 | D        | Reached skill level 5 in Evocations
    32 | D        | Noticed a sculptor of flesh
    33 | D        | Reached skill level 5 in Conjurations
    33 | D        | Reached skill level 5 in Summonings
    33 | D        | Reached skill level 5 in Fire Magic
    33 | D        | Reached skill level 5 in Ice Magic
    33 | D        | Reached skill level 5 in Air Magic
    33 | D        | Reached skill level 5 in Earth Magic
    33 | D        | Gained mutation: Your touch may irresistibly damage your
                  | foes and sap their willpower. [demonic ancestry]
    33 | D        | Reached XP level 19. HP: 169/189 MP: 18/26
    34 | D        | Reached skill level 5 in Short Blades
    34 | D        | Reached skill level 5 in Long Blades
    34 | D        | Reached skill level 5 in Maces & Flails
    34 | D        | Reached skill level 5 in Polearms
    34 | D        | Reached skill level 5 in Staves
    34 | D        | Reached skill level 5 in Ranged Weapons
    34 | D        | Reached skill level 5 in Throwing
    34 | D        | Reached skill level 5 in Armour
    34 | D        | Reached skill level 5 in Shields
    34 | D        | Reached skill level 5 in Spellcasting
    34 | D        | Reached skill level 5 in Translocations
    34 | D        | Reached skill level 5 in Transmutations
    36 | D        | Killed a large bag of meat
    37 | D        | Reached skill level 10 in Invocations
    37 | D        | Killed a large bag of meat
    37 | D        | Noticed a meat berserker
    38 | D        | Noticed a large bag of meat
    41 | D        | Gained mutation: You are completely covered in icy blue
                  | scales. (AC +4, rC+) [demonic ancestry]
    41 | D        | Reached XP level 20. HP: 103/197 MP: 19/32
    41 | D        | Noticed a destroyer
    41 | D        | Noticed a meat berserker
    42 | D        | Reached skill level 10 in Hexes
    42 | D        | Reached skill level 10 in Necromancy
    42 | D        | Reached skill level 10 in Poison Magic
    42 | D        | Reached skill level 10 in Evocations
    42 | D        | Noticed a meat berserker
    43 | D        | Reached skill level 10 in Fire Magic
    43 | D        | Reached skill level 10 in Ice Magic
    43 | D        | Reached skill level 10 in Air Magic
    43 | D        | Reached skill level 10 in Earth Magic
    43 | D        | Killed a meat berserker
    43 | D        | Noticed a meat berserker
    44 | D        | Reached skill level 10 in Conjurations
    44 | D        | Reached skill level 10 in Summonings
    44 | D        | Killed a meat berserker
    44 | D        | Killed a meat berserker
    44 | D        | Noticed a destroyer
    45 | D        | Reached skill level 10 in Short Blades
    45 | D        | Reached skill level 10 in Long Blades
    45 | D        | Reached skill level 10 in Maces & Flails
    45 | D        | Reached skill level 10 in Polearms
    45 | D        | Reached skill level 10 in Staves
    45 | D        | Reached skill level 10 in Ranged Weapons
    45 | D        | Reached skill level 10 in Throwing
    45 | D        | Reached skill level 10 in Armour
    45 | D        | Reached skill level 10 in Shields
    45 | D        | Reached skill level 10 in Spellcasting
    45 | D        | Reached skill level 10 in Translocations
    45 | D        | Reached skill level 10 in Transmutations
    45 | D        | Reached skill level 15 in Invocations
    45 | D        | Noticed a destroyer
    47 | D        | Killed a large bag of meat
    48 | D        | Gained mutation: You punish those that try to bend your
                  | will. (Will+) [demonic ancestry]
    48 | D        | Reached XP level 21. HP: 176/204 MP: 20/35
    49 | D        | Killed a destroyer
    51 | D        | Killed a destroyer
    53 | D        | Killed a destroyer
    53 | D        | Noticed a tyrant
    54 | D        | Reached skill level 15 in Hexes
    54 | D        | Reached skill level 15 in Poison Magic
    54 | D        | Reached skill level 15 in Evocations
    54 | D        | Reached XP level 22. HP: 190/212 MP: 22/38
    56 | D        | Noticed an accursed
    57 | D        | Noticed a large bag of meat
    59 | D        | Noticed a dread
    59 | D        | Noticed a meat beast
    60 | D        | Reached skill level 15 in Necromancy
    61 | D        | Noticed a meat beast
    62 | D        | Reached skill level 15 in Fire Magic
    62 | D        | Reached skill level 15 in Ice Magic
    62 | D        | Reached skill level 15 in Air Magic
    62 | D        | Reached skill level 15 in Earth Magic
    63 | D        | Reached skill level 15 in Conjurations
    63 | D        | Reached skill level 15 in Summonings
    63 | D        | Noticed a meat beast
    65 | D        | Killed a meat beast
    65 | D        | Killed a dread
    65 | D        | Killed an accursed
    66 | D        | Reached XP level 23. HP: 111/219 MP: 24/43
    66 | D        | Killed a meat beast
    67 | D        | Gained mutation: You are resistant to unholy torment.
                  | [demonic ancestry]
    67 | D        | Reached XP level 24. HP: 136/227 MP: 24/43
    68 | D        | Killed a meat beast
    69 | D        | Gained mutation: You can hurl damnation. [demonic ancestry]
    69 | D        | Reached XP level 25. HP: 167/234 MP: 25/44
    70 | D        | Noticed a meat beast
    72 | D        | Killed a meat beast
    73 | D        | Reached skill level 27 in Invocations
    74 | D        | Noticed a tyrant
    74 | D        | Noticed an accursed
    75 | D        | Noticed a meat beast
    75 | D        | Noticed a meat beast
    77 | D        | Noticed a destroyer
    78 | D        | Gained mutation: A meltable icy envelope protects you from
                  | harm. (AC +0) [demonic ancestry]
    78 | D        | Reached XP level 26. HP: 72/242 MP: 27/46
    80 | D        | Killed a meat beast
    82 | D        | Noticed a destroyer
    83 | D        | Noticed a meat beast
    84 | D        | Killed a tyrant
    84 | D        | Noticed an accursed
    85 | D        | Gained mutation: You are completely covered in sharp
                  | spines. [demonic ancestry]
    85 | D        | Reached XP level 27. HP: 187/249 MP: 29/48
    86 | D        | Killed a meat beast
    87 | D        | Noticed a destroyer
    87 | D        | Noticed a tyrant
    88 | D        | Killed a destroyer
    89 | D        | Killed a destroyer
    89 | D        | Noticed a meat beast
    90 | D        | Killed a destroyer
    90 | D        | Noticed a destroyer
    90 | D        | Noticed a tyrant
    90 | D        | Noticed a large bag of meat
    91 | D        | Reached skill level 27 in Necromancy
    91 | D        | Noticed an accursed
    94 | D        | Killed a destroyer
    94 | D        | Killed a meat beast
    95 | D        | Reached skill level 27 in Hexes
    95 | D        | Reached skill level 27 in Poison Magic
    95 | D        | Reached skill level 27 in Evocations
    96 | D        | Noticed a tyrant
    97 | D        | Killed a tyrant
    98 | D        | Killed an accursed
    98 | D        | Killed a tyrant
    99 | D        | Reached skill level 27 in Summonings
   101 | D        | Killed a tyrant
   101 | D        | Noticed a meat beast
   102 | D        | Noticed a destroyer
   102 | D        | Noticed a large bag of meat
   102 | D        | Noticed a large bag of meat
   104 | D        | Reached skill level 27 in Fire Magic
   104 | D        | Reached skill level 27 in Ice Magic
   104 | D        | Reached skill level 27 in Air Magic
   105 | D        | Reached skill level 27 in Conjurations
   105 | D        | Reached skill level 27 in Earth Magic
   106 | D        | Killed an accursed
   107 | D        | Noticed a meat beast
   107 | D        | HP: 3/249 [scourge/poison arrow (54)]
   108 | D        | Killed a large bag of meat
   108 | D        | Succumbed to a scourge's poison arrow

Illustrated notes

Levels and vault maps discovered:
D:        meatsprint

Skill      XL: |  1  2  3  4  5  6  7  8  9 10 11 12 13 14 15 16 17 18 19 20 21 22 23 24 25 26 27 |
---------------+----------------------------------------------------------------------------------+-----
Fighting       | 17 21 24 27 | 27.0
Axes           | 6 10 13 14 18 24 27 | 27.0
Dodging        | 15 19 20 21 23 26 27 | 27.0
Stealth        | 6 8 9 10 11 13 21 27 | 27.0
Unarmed Combat | 15 18 20 21 23 26 27 | 27.0
Short Blades   | 4 8 10 12 16 17 19 21 26 | 26.3
Long Blades    | 4 8 10 12 16 17 19 21 25 | 25.2
Maces & Flails | 4 8 10 12 16 17 19 21 25 | 25.2
Polearms       | 4 8 10 12 16 17 19 21 25 | 25.2
Staves         | 4 8 10 12 16 17 19 21 25 | 25.2
Ranged Weapons | 4 8 10 12 16 17 19 21 25 | 25.2
Throwing       | 4 8 10 12 16 17 19 21 25 | 25.4
Armour         | 4 8 10 12 16 17 19 21 25 | 25.4
Shields        | 4 8 10 12 16 17 19 21 25 | 25.4
Spellcasting   | 4 8 10 12 16 17 19 21 25 | 25.5
Conjurations   | 5 8 11 13 17 18 19 21 22 27 | 27.0
Hexes          | 5 9 12 15 19 20 21 23 25 27 | 27.0
Summonings     | 5 8 11 13 17 18 19 21 23 27 | 27.0
Necromancy     | 5 9 12 14 18 19 20 22 25 27 | 27.0
Translocations | 4 8 10 12 16 17 19 21 26 | 26.3
Transmutations | 4 8 10 12 16 17 19 21 26 | 26.2
Fire Magic     | 5 9 11 13 17 18 19 21 23 27 | 27.0
Ice Magic      | 5 9 11 13 17 18 19 21 23 27 | 27.0
Air Magic      | 5 9 11 13 17 18 19 21 23 27 | 27.0
Earth Magic    | 5 9 11 13 17 18 19 21 23 27 | 27.0
Poison Magic   | 5 9 12 15 19 20 21 23 25 27 | 27.0
Invocations    | 7 12 16 19 24 25 26 27 | 27.0
Evocations     | 5 9 12 15 19 20 21 23 25 27 | 27.0

Action                   |  1- 3 |  4- 6 |  7- 9 | 10-12 | 13-15 | 16-18 | 19-21 | 22-24 | 25-27 || total
-------------------------+-------+-------+-------+-------+-------+-------+-------+-------+-------++-------
Melee: Executioner's axe |     1 |       |       |     1 |     5 |    11 |    15 |     8 |    24 ||    65
 Abil: Hurl Damnation    |       |       |       |       |       |       |       |       |     1 ||     1
Armor: Robe              |       |       |       |     1 |       |     1 |       |     1 |     4 ||     7
Dodge: Dodged            |     1 |       |       |       |       |     5 |       |     3 |     3 ||    12
